[ AOE2 MATCH · #505103190 ]
UnrankedKhitans vs Britons
Player's team · LOSS
Rival team · WIN
[ REPLAY ANALYSIS · EXTRACTED FROM THE RECORDED GAME ]
Feudal
9:48
Castle
—
Imperial
—
| APM avg | 69.9 |
| APM peak | 97 |
| eAPM avg | 26.7 |
| Villagers / military | 31 / 9 |
Focus
⚔️ 36.8% · 🌾 63.2%
Militia ×5 · Skirmisher ×4
Feudal
11:22
Castle
15:03
Imperial
—
| APM avg | 48.0 |
| APM peak | 102 |
| eAPM avg | 18.1 |
| Villagers / military | 26 / 0 |
Focus
⚔️ 26.1% · 🌾 73.9%
Match map
Initial resources + every placement click. Lines = walls · curves = elevation contours. ◆ gold · ⬟ stone · ● berries · ✦ relic · ◌ wall gap
Your base· Open — 9t gap
Tom Tucker's base· Open — 5t gap
Smoothed initial terrain · ◌ = detected wall gap · hover for details
Inputs per minute
— Kirtap - - Tom Tucker
Build order — Kirtap
89 actions detected in the replay
| 0:00 | Create | Villager (Male) |
| 0:01 | Build | House |
| 0:02 | Build | House |
| 0:02 | Create | Villager (Male) |
| 0:08 | Create | Villager (Male) |
| 0:08 | Create | Villager (Male) |
| 1:32 | Create | Villager (Male) |
| 1:50 | Build | Mill |
| 1:58 | Create | Villager (Male) |
| 2:14 | Create | Villager (Male) |
| 2:28 | Create | Villager (Male) |
| 2:28 | Create | Villager (Male) |
| 3:20 | Create | Villager (Male) |
| 3:21 | Create | Villager (Male) |
| 3:52 | Create | Villager (Male) |
| 3:54 | Build | House |
| 3:55 | Build | Palisade Wall |
| 4:04 | Create | Villager (Male) |
| 4:29 | Research | Loom |
| 4:34 | Build | Palisade Wall |
| 4:35 | Build | Palisade Wall |
| 4:37 | Build | Palisade Wall |
| 4:43 | Create | Villager (Male) |
| 5:15 | Build | Lumber Camp |
| 5:17 | Create | Villager (Male) |
| 5:23 | Create | Villager (Male) |
| 6:00 | Create | Villager (Male) |
| 6:21 | Build | House |
| 6:23 | Build | Palisade Wall |
| 6:35 | Create | Villager (Male) |
| 7:05 | Create | Villager (Male) |
| 7:38 | Research | Feudal Age |
| 7:43 | Build | Barracks |
| 8:10 | Build | House |
| 8:24 | Create | Militia |
| 8:24 | Create | Militia |
| 8:29 | Build | Mining Camp |
| 8:45 | Create | Militia |
| 8:45 | Create | Militia |
| 9:03 | Create | Militia |
| 9:11 | Build | House |
| 9:28 | Create | Villager (Male) |
| 9:41 | Build | Mill |
| 9:48 | Age | Feudal Age |
| 9:50 | Build | Palisade Wall |
| 9:51 | Research | Man-at-Arms (upgrade) |
| 9:51 | Research | Man-at-Arms (upgrade) |
| 9:57 | Create | Villager (Male) |
| 10:02 | Build | Palisade Wall |
| 10:32 | Create | Villager (Male) |
| 10:47 | Create | Villager (Male) |
| 10:53 | Build | Pasture |
| 10:59 | Build | Watch Tower |
| 11:02 | Create | Villager (Male) |
| 11:19 | Create | Villager (Male) |
| 11:24 | Build | Pasture |
| 11:57 | Create | Villager (Male) |
| 12:03 | Build | Palisade Wall |
| 12:13 | Build | Palisade Wall |
| 12:14 | Build | Palisade Wall |
| 12:23 | Research | Double-Bit Axe |
| 12:52 | Create | Villager (Male) |
| 12:59 | Build | Archery Range |
| 13:14 | Create | Villager (Male) |
| 13:30 | Create | Villager (Male) |
| 13:36 | Build | House |
| 13:38 | Build | Palisade Wall |
| 13:39 | Build | Palisade Wall |
| 13:43 | Create | Villager (Male) |
| 13:45 | Create | Skirmisher |
| 13:48 | Build | House |
| 13:53 | Build | Palisade Wall |
| 13:55 | Build | Palisade Wall |
| 14:01 | Create | Skirmisher |
| 14:01 | Create | Skirmisher |
| 14:16 | Build | Pasture |
| 14:37 | Create | Villager (Male) |
| 14:39 | Build | Palisade Wall |
| 14:39 | Build | Palisade Wall |
| 14:40 | Build | Palisade Wall |
| 14:44 | Build | Pasture |
| 14:48 | Create | Skirmisher |
| 14:57 | Research | Town Watch |
| 15:10 | Build | Palisade Wall |
| 15:12 | Build | Palisade Wall |
| 15:13 | Build | Palisade Wall |
| 15:14 | Build | Palisade Wall |
| 15:14 | Build | Palisade Wall |
| 15:15 | Build | Palisade Wall |
Build order — Tom Tucker
62 actions detected in the replay
| 0:00 | Create | Villager (Male) |
| 0:01 | Create | Villager (Male) |
| 0:02 | Build | House |
| 0:04 | Build | House |
| 0:16 | Create | Villager (Male) |
| 0:21 | Create | Villager (Male) |
| 1:17 | Create | Villager (Male) |
| 1:17 | Create | Villager (Male) |
| 1:43 | Build | Lumber Camp |
| 1:50 | Create | Villager (Male) |
| 1:56 | Create | Villager (Male) |
| 2:28 | Create | Villager (Male) |
| 2:57 | Create | Villager (Male) |
| 3:28 | Build | House |
| 3:35 | Create | Villager (Male) |
| 3:35 | Create | Villager (Male) |
| 4:25 | Create | Villager (Male) |
| 5:02 | Create | Villager (Male) |
| 5:02 | Create | Villager (Male) |
| 5:12 | Build | Mill |
| 5:42 | Create | Villager (Male) |
| 5:52 | Create | Villager (Male) |
| 6:09 | Build | House |
| 6:38 | Create | Villager (Male) |
| 6:49 | Create | Villager (Male) |
| 7:06 | Build | Palisade Wall |
| 7:11 | Build | Mining Camp |
| 7:32 | Create | Villager (Male) |
| 7:37 | Research | Loom |
| 7:38 | Create | Villager (Male) |
| 7:38 | Create | Villager (Male) |
| 8:09 | Create | Villager (Male) |
| 8:13 | Build | Palisade Wall |
| 8:30 | Build | Palisade Wall |
| 9:10 | Research | Feudal Age |
| 9:20 | Build | Palisade Wall |
| 9:21 | Build | Palisade Wall |
| 9:30 | Build | Palisade Wall |
| 10:00 | Build | Palisade Wall |
| 10:27 | Create | Villager (Male) |
| 10:27 | Create | Villager (Male) |
| 10:39 | Build | Palisade Wall |
| 11:22 | Age | Feudal Age |
| 11:24 | Build | Market |
| 11:26 | Build | Blacksmith |
| 12:23 | Research | Castle Age |
| 12:27 | Build | Stone Wall |
| 12:28 | Build | Stone Wall |
| 12:34 | Build | House |
| 13:21 | Build | Palisade Wall |
| 13:31 | Build | Mining Camp |
| 13:37 | Build | Farm |
| 13:39 | Build | Farm |
| 13:54 | Build | Farm |
| 13:58 | Build | Farm |
| 14:01 | Create | Villager (Male) |
| 14:04 | Build | Farm |
| 14:08 | Build | House |
| 14:40 | Build | House |
| 14:57 | Build | House |
| 15:03 | Age | Castle Age |
| 15:09 | Build | Castle |
Match timeline
| 3:55 | Kirtap · wall_segment Palisade Wall x5 |
| 4:34 | Kirtap · wall_segment Palisade Wall x1 |
| 4:35 | Kirtap · wall_segment Palisade Wall x1 |
| 4:37 | Kirtap · wall_segment Palisade Wall x1 |
| 6:23 | Kirtap · wall_segment Palisade Wall x1 |
| 7:06 | Tom Tucker · wall_segment Palisade Wall x7 |
| 7:43 | Kirtap · first_building Barracks |
| 8:13 | Tom Tucker · wall_segment Palisade Wall x2 |
| 8:30 | Tom Tucker · wall_segment Palisade Wall x5 |
| 9:20 | Tom Tucker · wall_segment Palisade Wall x3 |
| 9:21 | Tom Tucker · wall_segment Palisade Wall x1 |
| 9:30 | Tom Tucker · wall_segment Palisade Wall x2 |
| 9:48 | Kirtap · age_up feudal |
| 9:50 | Kirtap · wall_segment Palisade Wall x6 |
| 10:00 | Tom Tucker · wall_segment Palisade Wall x5 |
| 10:02 | Kirtap · wall_segment Palisade Wall x4 |
| 10:39 | Tom Tucker · wall_segment Palisade Wall x2 |
| 11:22 | Tom Tucker · age_up feudal |
| 12:03 | Kirtap · wall_segment Palisade Wall x6 |
| 12:13 | Kirtap · wall_segment Palisade Wall x1 |
| 12:14 | Kirtap · wall_segment Palisade Wall x1 |
| 12:22 | Tom Tucker · first_market_sell 100 stone |
| 12:27 | Tom Tucker · wall_segment Stone Wall x1 |
| 12:28 | Tom Tucker · wall_segment Stone Wall x1 |
| 12:59 | Kirtap · first_building Archery Range |
| 13:21 | Tom Tucker · wall_segment Palisade Wall x4 |
| 13:38 | Kirtap · wall_segment Palisade Wall x1 |
| 13:39 | Kirtap · wall_segment Palisade Wall x1 |
| 13:53 | Kirtap · wall_segment Palisade Wall x11 |
| 13:55 | Kirtap · wall_segment Palisade Wall x1 |
| 14:39 | Kirtap · wall_segment Palisade Wall x1 |
| 14:39 | Kirtap · wall_segment Palisade Wall x1 |
| 14:40 | Kirtap · wall_segment Palisade Wall x1 |
| 15:03 | Tom Tucker · age_up castle |
| 15:09 | Tom Tucker · first_building Castle |
| 15:10 | Kirtap · wall_segment Palisade Wall x1 |
| 15:12 | Kirtap · wall_segment Palisade Wall x1 |
| 15:13 | Kirtap · wall_segment Palisade Wall x1 |
| 15:14 | Kirtap · wall_segment Palisade Wall x1 |
| 15:14 | Kirtap · wall_segment Palisade Wall x1 |
| 15:15 | Kirtap · wall_segment Palisade Wall x1 |
| 15:22 | Kirtap · resign |
[ AI ANALYSIS · 1 CREDIT ]
What really happened in this match?
Wolo.gg analyzes every decision: build order, eco, micro, common mistakes by bracket. Personalized analysis on WhatsApp or Discord in 30 seconds.
Civ guide
Khitans
Perfil
Jugador #9665014